 Dungeon Crawl Stone Soup version 0.22-a0-422-g9628fc8 (webtiles) character file.

29344 Amnesiac the Nimble (level 13, -5/72 HPs)
             Began as a Spriggan Transmuter on May 17, 2018.
             Was the Champion of Okawaru.
             Slain by an elephant (17 damage)
             ... on level 2 of the Lair of Beasts.
             The game lasted 00:42:53 (18811 turns).

Amnesiac the Nimble (Spriggan Transmuter)          Turns: 18811, Time: 00:42:54

Health: -5/72      AC: 11    Str:  9    XL:     13   Next: 14%
Magic:  19/27      EV: 32    Int: 17    God:    Okawaru [******]
Gold:   659        SH:  0    Dex: 16    Spells: 13/30 levels left

rFire    . . .     SeeInvis +     - Unarmed
rCold    . . .     Gourm    .   (shield currently unavailable)
rNeg     . . .     Faith    .   e - +4 robe "Opobriur" {Regen+ Stlth+}
rPois    .         Spirit   .   d - +2 hat
rElec    .         Reflect  .   z - +2 cloak
rCorr    +         Harm     .   (gloves unavailable)
MR       ++...                  (boots unavailable)
Stlth    ++++......             L - amulet of the acrobat
HPRegen  0.62/turn              s - ring of resist corrosion
MPRegen  0.20/turn              (no ring)

@: blade hands, heroism, very quick
A: very small, unfitting armour, see invisible, herbivore, speed 3, slow
metabolism 2
a: End Transformation, Heroism, Finesse, Renounce Religion


You were on level 2 of the Lair of Beasts.
You worshipped Okawaru.
Okawaru was exalted by your worship.
You were not hungry.
You had blades for hands.
You visited 3 branches of the dungeon, and saw 14 of its levels.
You also visited: Labyrinth.

You collected 659 gold pieces.

Inventory:

Hand Weapons
 f - a +0 shortbow
 p - a +4 fustibalus of flaming
Missiles
 q - a throwing net (quivered)
 C - 199 arrows
Armour
 d - a +2 hat (worn)
 e - the +4 robe "Opobriur" (worn) {Regen+ Stlth+}
   (You found it on level 9 of the Dungeon)

   It increases your rate of regeneration.
   It makes you more stealthy.
 z - a +2 cloak (worn)
 A - a scarf of repulsion
Magical Staves
 t - an uncursed staff of air
Jewellery
 s - a ring of resist corrosion (left scythe-like blade)
 w - an uncursed amulet of rage
 H - an uncursed ring of fire
 L - an amulet of the acrobat (around neck)
Wands
 b - a wand of random effects (23)
 u - a wand of flame (45)
 E - a wand of digging (11)
 J - a wand of iceblast (21)
 P - a wand of enslavement (13)
Scrolls
 c - 6 scrolls of remove curse {!r}
 g - 3 scrolls of teleportation {!r}
 h - a scroll of vulnerability {!r, unknown}
 l - 3 scrolls of amnesia {!r}
 m - 4 scrolls of fear {!r}
 o - 3 scrolls of blinking {!r}
 y - 2 scrolls of enchant armour {!r}
 B - a scroll of brand weapon {!r, unknown}
Potions
 i - 3 potions of curing {!q}
 j - 2 potions of heal wounds {!q, unknown}
 k - 3 potions of flight {!q}
 n - a potion of lignification {!q}
 r - 5 potions of haste {!q}
 v - 4 potions of agility {!q}
 x - a potion of magic {!q}
 F - 2 potions of cancellation {!q}
 G - a potion of might {!q}
 O - a potion of resistance {!q}
Comestibles
 a - 6 rations


   Skills:
 - Level 10.0(15.0) Fighting
 - Level 2.0(7.0) Bows
 - Level 12.0(17.0) Dodging
 - Level 10.0(15.0) Unarmed Combat
 * Level 9.1 Spellcasting
 * Level 9.7 Transmutations
 - Level 8.5 Invocations


You had 13 spell levels left.
You knew the following spells:

 Your Spells              Type           Power        Failure   Level  Hunger
a - Blade Hands           Tmut           #####.....   32%         5    #####..
b - Passwall              Tmut/Erth      ###.......   21%         2    None
c - Sticks to Snakes      Tmut           #####...     10%         2    None
d - Ice Form              Ice/Tmut       ###.....     50%         4    ###....
e - Petrify               Tmut/Erth      ###.....     50%         4    ###....

Your spell library contained the following spells:

 Spells                   Type           Power        Failure   Level  Hunger
 Stone Arrow              Conj/Erth      #.....       71%         3    None
 Spider Form              Tmut/Pois      ###.......   28%         3    None
 Lee's Rapid Deconstruct  Erth           #.........   99%         5    #####..
 Sandblast                Erth           #.....       45%         1    None
 Beastly Appendage        Tmut           #####.       9%          1    None


Dungeon Overview and Level Annotations

Branches:
Dungeon (11/15)            Temple (1/1) D:4            Lair (2/6) D:11
    Orc (0/2) D:11
  Swamp: Lair:2-4    Shoals: Lair:2-4     Snake: Lair:2-4    Spider: Lair:2-4

Altars:
Ashenzari
Cheibriados
Dithmenos
Elyvilon
Fedhas
Gozag
Hepliaklqana
Kikubaaqudgha
Makhleb
Nemelex Xobeh
Okawaru
Qazlal
Ru
Sif Muna
Trog
Uskayaw
Vehumet
Wu Jian
Xom
Yredelemnul
Zin
The Shining One

Annotations:
Lair:2 Nergalle


Innate Abilities, Weirdness & Mutations

You are very small and have problems with some larger weapons.
You are too small for most types of armour.
You have supernaturally acute eyesight. (SInv)
You are a herbivore.
You cover ground extremely quickly.
You need to consume almost no food.


Message History

You slice the swamp worm!!
The swamp worm is heavily wounded.
The swamp worm closely misses you.
You slice the swamp worm!!
You kill the swamp worm!
Okawaru accepts your kill.
No target in view!
Your hands revert to their normal proportions.
The elephant is too close now for your liking.
An elephant is nearby!
An elephant is nearby!
The elephant trumpets! x2; You hear a croak.
A swamp worm comes into view.
Casting: Blade Hands (safe; 4% risk of failure)
Confirm with . or Enter, or press ? or * to list all spells.
Your hands turn into razor-sharp scythe blades.
The elephant trumpets!
The swamp worm throws harpoon shot at you.
The harpoon shot hits you!
You are yanked forward by the harpoon shot.
Found a stone staircase leading down.
You barely miss the elephant. The elephant closely misses you. x2
The swamp worm misses you.
You slash the elephant!
The elephant is moderately wounded.
The elephant closely misses you. The elephant misses you.
The swamp worm bites you! The elephant completely misses you.
The elephant closely misses you.
You hit the elephant.
The elephant is moderately wounded.
The blink frog blinks!
The elephant closely misses you. The elephant completely misses you.
The swamp worm bites you.
You slash the elephant!
The elephant is heavily wounded.
The elephant tramples you!
* * * LOW HITPOINT WARNING * * *
You stumble backwards!
You hit the elephant but do no damage.
The elephant is heavily wounded.
The elephant completely misses you. The elephant closely misses you.
You slice the elephant!!
The elephant is severely wounded.
The elephant barely misses you. The elephant completely misses you.
You slice the elephant!!
You kill the elephant!
Okawaru accepts your kill. The elephant completely misses you.
The elephant misses you.
You gain the combat prowess of a mighty hero.
The elephant misses you. The elephant closely misses you.
You slice the elephant!!
The elephant is moderately wounded.
The elephant completely misses you. x2
You barely miss the elephant.
The elephant is moderately wounded.
The elephant misses you. The elephant completely misses you.
The swamp worm bites you.
* * * LOW HITPOINT WARNING * * *
The elephant completely misses you. x2
You slash the elephant!
The elephant is heavily wounded.
The swamp worm bites you!!
* * * LOW HITPOINT WARNING * * *
The elephant tramples you!
You die...

#...# #..#......... ##..#
..# .. . #P.## ..+ ... ≈
##.P# ..#.... ≈≈♣♣♣♣##.##
....... ≈≈♣..P.#.#
#####..P.#.# ≈≈≈♣♣♣...#
#.#F........
≈≈≈♣...P.#######.Y#........
≈≈≈≈♣♣†.........@Y.........
♣≈≈≈≈............w.........
.
♣≈≈≈≈♣.....................
.
P.≈≈≈♣....................>
.
♣♣≈≈≈...P####.#####.#.#.###
# #......## ### .###.##
####.### ## ###


You could see 2 elephants, a swamp worm and a blink frog.

Vanquished Creatures
  A minotaur (Lab)
  2 hydras
  6 two-headed ogres
  The ghost of Veiltonx the Arsonist, a novice DrFE of Vehumet (D:9)
  An unseen horror (D:8)
  A manticore (D:8)
  An ugly thing (D:11)
  A cyclops (D:11)
  An oklob plant (Lair:1)
  4 elephants (Lair:2)
  A gargoyle (D:11)
  4 komodo dragons
  3 spiny frogs
  A rime drake (Lair:1)
  6 trolls
  A queen bee (D:11)
  A hornet (D:10)
  6 hippogriffs
  2 blink frogs (Lair:2)
  25 yaks
  2 wyverns
  A wraith (D:11)
  A basilisk (D:11)
  4 hogs (D:7)
  A human (D:7)
  A swamp worm (Lair:2)
  4 wargs (D:11)
  Menkaure (D:6)
  Edmund (D:4)
  Duvessa (D:5)
  6 porcupines
  6 water moccasins
  5 orc warriors
  A sky beast (D:8)
  4 black bears
  An ice beast (D:7)
  3 phantoms
  3 necrophages (D:7)
  3 ogres
  3 centaurs
  4 crocodiles
  Blork the orc (D:6)
  2 big kobolds
  A wyvern zombie (D:7)
  10 bullfrogs
  Dowan (D:5)
  24 killer bees (D:11)
  8 scorpions
  7 wights
  5 electric eels (D:9)
  A crimson imp (D:5)
  Crazy Yiuf (D:5)
  8 hounds
  9 orc priests
  4 bullfrog skeletons
  2 jellies
  3 iguanas
  Natasha (thrice) (D:3)
  12 orc wizards
  10 worker ants
  A hound zombie (D:7)
  9 gnolls
  2 worker ant zombies
  16 adders
  5 shadow imps
  5 oozes
  An adder skeleton (D:4)
  2 worms
  A dart slug (D:2)
  4 leopard geckos
  46 orcs
  3 giant cockroaches (D:1)
  3 goblins
  8 hobgoblins
  6 jackals
  19 kobolds
  5 quokkas
  4 ball pythons
  A ball python skeleton (D:6)
  6 bats
  15 frilled lizards
  2 leopard gecko zombies (D:7)
  10 rats
  A bush (D:7)
412 creatures vanquished.

Vanquished Creatures (collateral kills)
  An orc priest (D:3)
  An orc wizard (D:3)
  An adder (D:2)
  An orc (D:3)
  A ball python (D:2)
5 creatures vanquished.

Vanquished Creatures (others)
  A giant cockroach (D:3)
  7 fungi
  13 plants
21 creatures vanquished.

Grand Total: 438 creatures vanquished

Notes
Turn   | Place    | Note
-------+----------+-------------------------------------------
     0 | D:1      | Amnesiac the Spriggan Transmuter began the quest for the Orb.
     0 | D:1      | Reached XP level 1. HP: 9/9 MP: 5/5
   521 | D:1      | Reached XP level 2. HP: 14/14 MP: 7/7
   525 | D:1      | Learned a level 2 spell: Sticks to Snakes
   909 | D:1      | Reached XP level 3. HP: 6/17 MP: 8/8
  2152 | D:2      | Reached skill level 5 in Transmutations
  2152 | D:2      | Reached XP level 4. HP: 17/21 MP: 10/10
  3392 | D:3      | HP: 1/21 [orc priest/mace (7)]
  3393 | D:3      | Reached XP level 5. HP: 2/25 MP: 5/12
  3400 | D:3      | Learned a level 5 spell: Blade Hands
  4443 | D:3      | Found a radiant altar of Vehumet.
  5066 | D:3      | Reached XP level 6. HP: 29/29 MP: 3/14
  5204 | D:3      | Found a sparkling altar of Nemelex Xobeh.
  5220 | D:3      | Noticed Natasha
  5229 | D:3      | Killed Natasha
  5466 | D:4      | Reached skill level 5 in Spellcasting
  6021 | D:3      | Noticed Natasha
  6167 | D:2      | Reached XP level 7. HP: 12/32 MP: 10/16
  6389 | D:3      | Killed Natasha
  6582 | D:3      | Found a radiant altar of Vehumet.
  6838 | D:3      | Noticed Natasha
  6844 | D:3      | Killed Natasha
  6882 | D:3      | Found a sparkling altar of Nemelex Xobeh.
  7290 | D:4      | Found a hazy altar of Hepliaklqana.
  7296 | D:4      | Reached skill level 1 in Fighting
  7470 | D:4      | Found a staircase to the Ecumenical Temple.
  7489 | Temple   | Entered the Ecumenical Temple
  8044 | D:5      | Entered Level 5 of the Dungeon
  8118 | D:5      | Noticed Edmund
  8212 | D:4      | Killed Edmund
  8504 | D:5      | Reached XP level 8. HP: 21/39 MP: 13/18
  8715 | D:5      | Found a runed door.
  8733 | D:5      | Noticed Crazy Yiuf
  8736 | D:5      | Killed Crazy Yiuf
  8869 | D:5      | Noticed Duvessa
  8870 | D:5      | Noticed Dowan
  8887 | D:5      | Killed Duvessa
  8887 | D:5      | Reached skill level 5 in Unarmed Combat
  9165 | D:5      | Killed Dowan
  9324 | D:6      | Found a basalt altar of Yredelemnul.
  9324 | D:6      | Found an iron altar of Okawaru.
  9324 | D:6      | Found a sacrificial altar of Ru.
  9342 | D:6      | Became a worshipper of Warmaster Okawaru
  9379 | D:6      | Noticed Menkaure
  9663 | D:6      | Reached skill level 1 in Invocations
  9955 | D:6      | Killed Menkaure
 10129 | D:6      | Found a blossoming altar of Fedhas.
 10278 | D:6      | Noticed Blork the orc
 10426 | D:6      | Killed Blork the orc
 10426 | D:6      | Reached XP level 9. HP: 42/42 MP: 14/19
 10442 | D:6      | Reached skill level 5 in Invocations
 10580 | D:6      | Found an ornate altar of the Wu Jian Council.
 10602 | D:7      | Found a blossoming altar of Fedhas.
 10618 | D:7      | Reached * piety under Okawaru
 10747 | D:7      | Noticed a troll
 10797 | D:7      | Killed a troll
 10886 | D:7      | Reached ** piety under Okawaru
 10976 | D:7      | Reached skill level 4 in Dodging
 11345 | D:7      | Found an ancient bone altar of Kikubaaqudgha.
 11621 | D:7      | Reached XP level 10. HP: 43/49 MP: 15/20
 11626 | D:7      | Found a bloodstained altar of Trog.
 11911 | D:8      | Noticed a two-headed ogre
 11911 | D:8      | Noticed an unseen horror
 11963 | D:8      | Found a hide-covered altar of Uskayaw.
 12000 | D:8      | Reached *** piety under Okawaru
 12019 | D:8      | Noticed a two-headed ogre
 12030 | D:8      | Killed a two-headed ogre
 12030 | D:8      | Reached skill level 5 in Dodging
 12035 | D:8      | Killed a two-headed ogre
 12035 | D:8      | Reached skill level 6 in Dodging
 12038 | D:8      | Reached **** piety under Okawaru
 12038 | D:8      | Received a gift from Okawaru
 12038 | D:8      | Reached skill level 5 in Fighting
 12139 | D:8      | Noticed a manticore
 12163 | D:8      | Killed a manticore
 12217 | D:8      | Killed an unseen horror
 12217 | D:8      | Reached skill level 7 in Dodging
 12600 | D:9      | Found an opulent altar of Gozag.
 12627 | D:9      | Noticed Veiltonx's ghost (novice DrFE)
 12780 | D:9      | Killed Veiltonx's ghost
 12780 | D:9      | Reached ***** piety under Okawaru
 12780 | D:9      | Reached skill level 8 in Dodging
 12780 | D:9      | Reached XP level 11. HP: 36/58 MP: 10/21
 12971 | D:9      | Noticed a two-headed ogre
 12981 | D:9      | Killed a two-headed ogre
 13076 | D:9      | Noticed a two-headed ogre
 13102 | D:9      | Killed a two-headed ogre
 13102 | D:9      | Received a gift from Okawaru
 13316 | D:9      | Reached skill level 9 in Dodging
 13425 | D:9      | Found an opulent altar of Gozag.
 13444 | D:9      | Got a slimy robe
 13599 | D:9      | Found a deep blue altar of Sif Muna.
 13787 | D:10     | Entered Level 10 of the Dungeon
 13831 | D:10     | Identified the +4 robe "Opobriur" {Regen+ Stlth+} (You found it on level 9 of the Dungeon)
 14104 | D:10     | Found a sacrificial altar of Ru.
 15004 | D:11     | Found a staircase to the Orcish Mines.
 15035 | D:11     | Reached skill level 10 in Dodging
 15154 | D:11     | Found a staircase to the Lair.
 15163 | D:11     | Noticed a red ugly thing
 15180 | D:11     | Killed a red ugly thing
 15302 | D:11     | Received a gift from Okawaru
 15442 | D:11     | Reached XP level 12. HP: 47/65 MP: 22/22
 15717 | D:11     | Paralysed by a hornet for 3 turns
 15725 | D:11     | HP: 2/66 [poisoned by a hornet]
 15890 | D:11     | Found a sacrificial altar of Ru.
 15909 | D:11     | Noticed a two-headed ogre
 15921 | D:11     | Killed a two-headed ogre
 16018 | D:11     | Reached skill level 11 in Dodging
 16164 | D:11     | Noticed a two-headed ogre
 16170 | D:11     | Killed a two-headed ogre
 16268 | Lair:1   | Entered Level 1 of the Lair of Beasts
 16306 | Lair:1   | Noticed a seven-headed hydra
 16398 | Lair:1   | Noticed a six-headed hydra
 16539 | Lair:1   | Found a labyrinth entrance.
 16548 | Lab      | Entered a labyrinth
 16663 | Lab      | Found an exit through the horrors of the Abyss.
 16762 | Lab      | Noticed a minotaur
 16907 | Lab      | Killed a minotaur
 16921 | Lab      | Got a slimy robe
 16944 | Lair:1   | Identified the +1 robe of the Blind Marksman {rCorr Int+4} (You found it in a labyrinth)
 16975 | Lair:1   | Learned a level 2 spell: Passwall
 16980 | Lair:1   | Learned a level 4 spell: Petrify
 17087 | Lair:1   | Learned a level 4 spell: Ice Form
 17192 | Lair:1   | Reached skill level 10 in Fighting
 17412 | Lair:1   | Reached skill level 12 in Dodging
 17443 | Lair:1   | Received a gift from Okawaru
 17443 | Lair:1   | Reached ****** piety under Okawaru
 17681 | Lair:1   | Killed a seven-headed hydra
 17785 | Lair:2   | Reached skill level 10 in Unarmed Combat
 18004 | Lair:2   | Received a gift from Okawaru
 18004 | Lair:2   | Reached skill level 1 in Bows
 18161 | Lair:2   | Noticed Nergalle
 18506 | Lair:2   | Reached XP level 13. HP: 72/72 MP: 15/26
 18811 | Lair:2   | Slain by an elephant

Vault maps used:
D:1:      kilobyte_arrival_exit_the_forest, minmay_box_of_dots
D:2:      minmay_lizard_pond
D:3:      fiery_altar_vehumet, nemelex_xobeh_ov_fountains_minmay, first_ration,
          uniq_natasha
D:4:      lemuel_crystal_altar, minmay_temple_entry_large_hall
D:5:      uniq_crazy_yiuf_cottage, uniq_edmund, uniq_duvessa
D:6:      kennysheep_mini_moat, overflow_temple_1_default,
          chequers_temple_overflow_statue_of_worship, lemuel_tele_altar,
          uniq_menkaure, uniq_pikel, uniq_blork_the_orc
D:7:      fedhas_altar_decomposition, lemuel_round_altar, trog_ov_bears_minmay,
          grunt_livestock
D:8:      eat_drink_and_be_merry_uskayaw
D:9:      grunt_gozag_statues, kennysheep_mini, serial_bayou,
          serial_bayou_shore_a, serial_bayou_pond_b, serial_bayou_lagoon_a,
          serial_bayou_pond_b, serial_bayou_crossing, basic_altar
D:10:     nicolae_ru_sacrificial_ziggurat
D:11:     david_lair_generic, minmay_orc_entry_guard_dogs, special_room,
          basic_altar, roderic_serpentine_path
Temple:   compressed_dpeg_triangle_lava_temple
Lair:1:   lab_entry_generic, minmay_lair_oklob_chamber, serial_bayou_shore_b,
          grunt_megastairs_2
Lair:2:   minmay_swamp_entry_worms, wad_woods_river_03, grunt_megastairs_3,
          serial_bayou_shore_b, uniq_nergalle
Lab:      nicolae_lab_dead_adventurers, nicolae_lab_grate_2,
          nicolae_lab_do_over, nicolae_lab_diamond, labyrinth_skeletal_remains,
          labyrinth_fake_exit, nicolae_lab_swirl

Skill      XL: |  1  2  3  4  5  6  7  8  9 10 11 12 13 |
---------------+----------------------------------------+-----
Transmutations | 3 4 5 7 8 9 |  9.7
Spellcasting   | 3 4 5 6 8 9 |  9.1
Fighting       | 2 3 6 8 10 | 10.0
Unarmed Combat | 4 6 7 8 10 | 10.0
Invocations    | 4 8 |  8.5
Dodging        | 4 8 10 12 | 12.0
Bows           | 1 2 |  2.0

Action                   |  1- 3 |  4- 6 |  7- 9 | 10-12 | 13-15 || total
-------------------------+-------+-------+-------+-------+-------++-------
Melee: Unarmed           |    21 |    10 |   227 |   568 |    63 ||   889
       Headbutt          |     3 |       |       |       |       ||     3
       Punch             |     1 |       |     4 |    23 |       ||    28
       Kick              |     1 |       |       |       |       ||     1
 Fire: Hunting sling     |   118 |   260 |   170 |   128 |       ||   676
       Hand crossbow     |       |       |       |    34 |       ||    34
 Cast: Beastly Appendage |     5 |       |       |       |       ||     5
       Sticks to Snakes  |       |    13 |       |     4 |     1 ||    18
       Blade Hands       |       |     4 |    31 |    62 |     4 ||   101
       Petrify           |       |       |       |     5 |       ||     5
       Ice Form          |       |       |       |     1 |     1 ||     2
Invok: Heroism           |       |       |     2 |    16 |     2 ||    20
 Abil: End Transformatio |       |       |       |     2 |     1 ||     3
Evoke: Wand              |       |       |       |     7 |       ||     7
  Use: Scroll            |     2 |     2 |    12 |    12 |       ||    28
       Potion            |       |       |     1 |     1 |       ||     2
 Stab: Sleeping          |       |       |       |     6 |       ||     6
  Eat: Ration            |       |     4 |     8 |    14 |       ||    26
Armor: Robe              |    12 |     4 |     9 |    46 |     1 ||    72
       Troll leather arm |       |       |    15 |    20 |       ||    35
       Skin              |       |       |       |       |     2 ||     2
Dodge: Dodged            |    43 |    71 |   199 |   660 |    67 ||  1040
       Deflected         |       |       |       |     1 |       ||     1

Table legend:
 A = Spawn XP
 B = Non-spawn XP
 C = Spawn XP percentage of total XP
 D = Spawn monster count
 E = Non-spawn monster count
 F = Spawn count percentage of total count
 G = Total turns spent on level
                    A         B        C        D         E        F      G
               +---------+---------+-------+---------+---------+-------+---------
         Total |       0 |   41921 |   0.0 |       0 |     416 |   0.0 | 18811
               +---------+---------+-------+---------+---------+-------+---------
           D:1 |       0 |      57 |   0.0 |       0 |      27 |   0.0 |  1738
           D:2 |       0 |     185 |   0.0 |       0 |      27 |   0.0 |  1676
           D:3 |       0 |     372 |   0.0 |       0 |      36 |   0.0 |  3281
           D:4 |       0 |     712 |   0.0 |       0 |      19 |   0.0 |  1869
           D:5 |       0 |     752 |   0.0 |       0 |      20 |   0.0 |  1287
           D:6 |       0 |     953 |   0.0 |       0 |      26 |   0.0 |   672
           D:7 |       0 |    2862 |   0.0 |       0 |      38 |   0.0 |  1355
           D:8 |       0 |    4629 |   0.0 |       0 |      37 |   0.0 |   686
           D:9 |       0 |    4957 |   0.0 |       0 |      34 |   0.0 |  1252
          D:10 |       0 |    1567 |   0.0 |       0 |      25 |   0.0 |  1129
          D:11 |       0 |    9441 |   0.0 |       0 |      72 |   0.0 |  1372
        Lair:1 |       0 |    5565 |   0.0 |       0 |      21 |   0.0 |  1422
        Lair:2 |       0 |    8623 |   0.0 |       0 |      33 |   0.0 |   612
           Lab |       0 |    1246 |   0.0 |       0 |       1 |   0.0 |   381
               +---------+---------+-------+---------+---------+-------+---------
